 Dungeon Crawl Stone Soup version 0.29-a0-106-g0a07039d5a (webtiles) character file.

Game seed: 16523567970590138003

807 kae the Ruffian (level 7, -7/57 HPs)
             Began as a Red Draconian Transmuter on Feb 16, 2022.
             Mangled by an ice beast (13 damage)
             ... on level 5 of the Dungeon.
             The game lasted 00:01:56 (4022 turns).

kae the Ruffian (Red Draconian Transmuter)          Turns: 4022, Time: 00:01:57

Health: -7/57      AC:  2    Str: 13    XL:     7   Next: 60%
Magic:  9/11       EV: 20    Int: 15    God:
Gold:   124        SH:  0    Dex: 16    Spells: 4/12 levels left

rFire   . . .      SeeInvis +     - Unarmed
rCold   . . .      Faith    .   (shield currently unavailable)
rNeg    . . .      Spirit   .   (armour unavailable)
rPois   x          Reflect  .   (helmet currently unavailable)
rElec   .          Harm     .   (cloak currently unavailable)
rCorr   .          Rampage  .   (gloves currently unavailable)
Will    +....                   (boots currently unavailable)
Stlth   +.........              (no amulet)
HPRegen 0.19/turn               e - ring of see invisible
MPRegen 0.12/turn               h - ring of willpower

@: spider-form
A: venomous fangs, (breathe fire), AC +6, tiny, unfitting armour, (fire
resistance 1), (cold-blooded)
a: End Transformation


You were on level 5 of the Dungeon.
You were a venomous arachnid creature.
You visited 1 branch of the dungeon, and saw 5 of its levels.

You collected 124 gold pieces.

Inventory:

Armour
 g - a +0 cloak
Jewellery
 a - a ring of wizardry
 e - a ring of see invisible (left front leg)
 f - a ring of resist corrosion
 h - a ring of willpower (right front leg)
Scrolls
 b - 4 scrolls of identify
 d - a scroll of teleportation
 i - a scroll of enchant weapon {unknown}
Potions
 c - a potion of curing


   Skills:
 + Level 3.2 Fighting
 + Level 3.3 Dodging
 * Level 5.1 Unarmed Combat
 + Level 3.3 Spellcasting
 * Level 4.5 Transmutations
 * Level 1.4 Ice Magic
 - Level 2.0 Poison Magic


You had 4 spell levels left.
You knew the following spells:

 Your Spells              Type           Power      Damage    Failure   Level
a - Beastly Appendage     Tmut           32%        N/A       11%         1
b - Spider Form           Tmut/Pois      12%        N/A       34%         3
c - Ice Form              Ice/Tmut       11%        N/A       71%         4

Your spell library contained the following spells:

 Spells                   Type           Power      Damage    Failure   Level
 Wereblood                Tmut           16%        N/A       14%         2
 Blink                    Tloc           4%         N/A       52%         2
 Manifold Assault         Tloc           2%         N/A       100%        5
 Storm Form               Tmut/Air       4%         N/A       100%        7


Dungeon Overview and Level Annotations

Branches:
Dungeon (5/15)
 Temple: D:4-7

Altars:
Hepliaklqana
Okawaru
Wu Jian
Xom
Yredelemnul

Shops:
D:1 *


Innate Abilities, Weirdness & Mutations

You are a venomous arachnid creature.
You have poisonous fangs.
You are tiny and dextrous.
Your spellcasting is less reliable in this form.
Your armour is entirely melded.
You are incapable of wielding weapons or throwing items.
((You can breathe blasts of fire.))
((Your fiery red scales are hard. (AC +6)))
You cannot fit into any form of body armour.
((Your flesh is heat resistant. (rF+)))
((You are cold-blooded and may be slowed by cold attacks.))


Message History

The ice beast completely misses you.
You hit the ice beast.
The ice beast is lightly wounded.
The ice beast barely misses you.
You hit the ice beast.
The ice beast is moderately wounded.
The ice beast misses you.
You barely miss the ice beast.
The ice beast is moderately wounded.
The ice beast hits you. The ice beast freezes you!
You hit the ice beast.
The ice beast is heavily wounded.
The ice beast looks more healthy.
The ice beast closely misses you.
You barely miss the ice beast.
The ice beast is heavily wounded.
The ice beast hits you. The ice beast freezes you.
You are too injured to fight recklessly!
You are too injured to fight recklessly!
You are too injured to fight recklessly!
You are too injured to fight recklessly!
You barely miss the ice beast.
The ice beast is heavily wounded.
The ice beast completely misses you.
You hit the ice beast but do no damage.
The ice beast is heavily wounded.
The ice beast hits you. The ice beast freezes you!
You hit the ice beast but do no damage.
The ice beast is heavily wounded.
The ice beast hits you.
* * * LOW HITPOINT WARNING * * *
The ice beast freezes you!
* * * LOW HITPOINT WARNING * * *
You hit the ice beast but do no damage.
The ice beast is poisoned.
The ice beast is heavily wounded.
You barely miss the ice beast.
The ice beast is heavily wounded.
The ice beast hits you.
* * * LOW HITPOINT WARNING * * *
The ice beast freezes you!
You die...

### ..# #
#############.# ...
...#.......#.#
.....###$#.#####.#.#####
......Ys............>...
####.###.#..####.#.#.###
#...........#.#
###.#####.###.##
.............+
#.#####.###.##.
#.#.......#.##.
#!#.###.#.#.##.
#...#.##.


You could see an ice beast (very poisoned).

Vanquished Creatures
  Grinder (D:4)
  Sigmund (D:4)
  A necrophage (D:4)
  An ogre (D:4)
  2 scorpions (D:4)
  A bullfrog zombie (D:5)
  A bullfrog skeleton (D:5)
  2 iguanas (D:5)
  A hound skeleton (D:5)
  An adder (D:4)
  A worm (D:2)
  2 dart slugs
  2 orcs
  2 ball pythons
  2 bats
  5 endoplasms
  3 giant cockroaches (D:4)
  3 goblins
  3 hobgoblins
  4 jackals (D:4)
  3 kobolds
  2 frilled lizards
  2 rats
  A spectral orc (D:4)
47 creatures vanquished.

Vanquished Creatures (others)
  3 plants (D:3)
3 creatures vanquished.

Grand Total: 50 creatures vanquished

Notes
Turn   | Place    | Note
-------+----------+-------------------------------------------
     0 | D:1      | kae the Draconian Transmuter began the quest for the Orb.
     0 | D:1      | Reached XP level 1. HP: 16/16 MP: 3/3
   220 | D:1      | Found Teygh's Assorted Antiques.
   393 | D:1      | Reached XP level 2. HP: 18/23 MP: 3/5
  1741 | D:3      | Found a faded altar of an unknown god.
  1750 | D:3      | Found a hazy altar of Hepliaklqana.
  1779 | D:3      | Found a faded altar of an unknown god.
  1853 | D:3      | You fall into a shaft and drop 1 floor!
  1870 | D:4      | Noticed a necrophage
  1889 | D:4      | Killed a necrophage
  1890 | D:4      | Reached XP level 3. HP: 1/29 MP: 6/6
  1890 | D:4      | Reached XP level 4. HP: 2/36 MP: 7/7
  1894 | D:4      | Learned a level 3 spell: Spider Form
  2243 | D:4      | Found a shimmering altar of Xom.
  2246 | D:4      | Found an ornate altar of the Wu Jian Council.
  2355 | D:4      | Noticed a scorpion
  2363 | D:4      | Killed a scorpion
  2364 | D:4      | Reached skill level 4 in Unarmed Combat
  2364 | D:4      | Reached skill level 1 in Poison Magic
  2364 | D:4      | Reached XP level 5. HP: 36/41 MP: 4/9
  2453 | D:4      | Noticed an ogre
  2461 | D:4      | Killed an ogre
  2576 | D:4      | Noticed Grinder
  2592 | D:4      | Killed Grinder
  2593 | D:4      | Reached XP level 6. HP: 35/50 MP: 7/10
  2598 | D:4      | Learned a level 4 spell: Ice Form
  2698 | D:4      | Found a basalt altar of Yredelemnul.
  2800 | D:4      | Found an iron altar of Okawaru.
  3023 | D:4      | Noticed Sigmund
  3037 | D:4      | Killed Sigmund
  3038 | D:4      | Reached skill level 1 in Ice Magic
  3038 | D:4      | Your scales start taking on a fiery red colour.
  3038 | D:4      | Reached XP level 7. HP: 29/57 MP: 7/11
  3038 | D:4      | Gained mutation: Your flesh is heat resistant. (rF+) [Red
                  | Draconian growth]
  3367 | D:4      | Reached skill level 5 in Unarmed Combat
  3367 | D:4      | Reached skill level 1 in Ice Magic
  3764 | D:5      | Entered Level 5 of the Dungeon
  4022 | D:5      | Mangled by an ice beast

Illustrated notes

Levels and vault maps discovered:
D:1:      roderic_chinese_lattice_arrival, layout_rooms, serial_shops,
          nicolae_shop_stone, minmay_misc_feat_iff
D:2:      layout_basic, shapermc_ecumenical_altar_starsandcircs
D:3:      layout_basic, nicolae_hepliaklqana_ecumenical_no_more,
          gammafunk_ghost_cemetery, portal_sewer_entry_e,
          nicolae_figureground_sparkle
D:4:      layout_gridville, mainiacjoe_overflow_boulevard, okawaru_trees_1,
          xom_butterflies, yredelemnul_forgotten_temple_becter, minmay_between,
          uniq_sigmund, uniq_grinder
D:5:      layout_basic, mainiacjoe_overflow_alcove_4,
          minmay_fractal_squares_gapless_5

Skill      XL: |  1  2  3  4  5  6  7 |
---------------+----------------------+-----
Fighting       | 2 3 |  3.2
Dodging        | 2 3 |  3.3
Transmutations | 3 4 |  4.5
Unarmed Combat | 4 5 |  5.1
Poison Magic   | 1 2 |  2.0
Spellcasting   | 3 |  3.3
Ice Magic      | 0 1 |  1.4

Action                   |  1- 3 |  4- 6 |  7- 9 || total
-------------------------+-------+-------+-------++-------
Melee: Unarmed           |    73 |    80 |    47 ||   200
       Kick              |     8 |     5 |       ||    13
       Tailslap          |     5 |     6 |       ||    11
       Headbutt          |     5 |     3 |       ||     8
       Punch             |     2 |       |       ||     2
 Cast: Beastly Appendage |    18 |    10 |       ||    28
       Spider Form       |       |     4 |     8 ||    12
  Use: Scroll            |     2 |     2 |     1 ||     5
       Potion            |       |       |     2 ||     2
 Stab: Sleeping          |       |     1 |       ||     1
Armor: Skin              |    14 |    23 |       ||    37
Dodge: Dodged            |    36 |    58 |    33 ||   127

Table legend: (Time is in decaauts)
 A = Elapsed time spent in this place.
 B = Non-inter-level travel time spent in this place.
 C = Inter-level travel time spent in this place.
 D = Time resting spent in this place.
 E = Time spent auto-exploring this place.
 F = Levels seen in this place.
 G = Mean time per level.
                   A        B        C        D        E       F      G
               +--------+--------+--------+--------+--------+-----+--------+
         Total |   4007 |   3852 |    155 |    199 |   3168 |   5 |  801.4 |
       Dungeon |   4007 |   3852 |    155 |    199 |   3168 |   5 |  801.4 |
               +--------+--------+--------+--------+--------+-----+--------+

Top non-repeatable levels by time:
     D:4: 1903 daAuts
     D:1: 878 daAuts
     D:2: 610 daAuts
     D:3: 361 daAuts
     D:5: 253 daAuts
